 Dungeon Crawl Stone Soup version 0.19.1 (webtiles) character file.

116 ChaseSP the Shield-Bearer (level 5, -1/41 HPs)
             Began as a Formicid Fighter on Dec 3, 2016.
             Slain by a goblin
             ... wielding a +0 dagger
             ... led by Robin
              (2 damage)
             ... on level 2 of the Dungeon.
             The game lasted 00:02:41 (1965 turns).

ChaseSP the Shield-Bearer (Formicid Fighter)        Turns: 1965, Time: 00:02:41

Health: -1/41      AC:  6    Str: 22    XL:     5   Next: 20%
Magic:  5/5        EV:  8    Int:  7    God:
Gold:   98         SH: 10    Dex: 10    Spells: 0 memorised, 4 levels left

rFire  . . .     SeeInvis +     a - +0 war axe
rCold  . . .     Gourm    .     b - +0 scale mail
rNeg   . . .     Faith    +     c - +0 shield
rPois  .         Spirit   .     (helmet unavailable)
rElec  .         Reflect  .     (no cloak)
rCorr  .         Harm     .     (no gloves)
MR     .....                    (no boots)
Stlth  ..........               o - amulet of faith
                                (no ring)
                                (no ring)

@: no status effects
A: permanent stasis, dig shafts and tunnels, four strong arms, antennae 3
a: Dig, Shaft Self


You were on level 2 of the Dungeon.
You were not hungry.

You visited 1 branch of the dungeon, and saw 2 of its levels.

You collected 98 gold pieces.

Inventory:

Hand Weapons
 a - a +0 war axe (weapon)
Missiles
 p - 22 bolts
Armour
 b - a +0 scale mail (worn)
 c - a +0 shield (worn)
Jewellery
 o - an amulet of faith (around neck)
 r - a cursed amulet of inaccuracy {unknown}
Scrolls
 k - a scroll of enchant weapon {unknown}
 l - 3 scrolls of identify {unknown}
 m - a scroll of remove curse {unknown}
 n - a scroll of amnesia {unknown}
Potions
 d - 2 potions of might
 e - 2 potions of curing {unknown}
 h - 2 potions of degeneration {unknown}
 i - a potion of haste {unknown}
 j - a potion of berserk rage {unknown}
Comestibles
 f - a bread ration
 g - 3 meat rations


   Skills:
 - Level 3.2 Fighting
 * Level 4.1 Axes
 - Level 3.2 Armour
 + Level 4.8 Shields


You had 4 spell levels left.
You didn't know any spells.

Dungeon Overview and Level Annotations

Branches:
Dungeon (2/15)

Altars:
Elyvilon
The Shining One

Annotations:
D:2 Robin


Innate Abilities, Weirdness & Mutations

You are under a permanent stasis effect.
You can dig through walls and to a lower floor.
Your four strong arms can wield two-handed weapons with a shield.
You have a pair of large antennae on your head. (SInv)


Message History

* * * LOW HITPOINT WARNING * * *
The goblin hits you with a dagger.
* * * LOW HITPOINT WARNING * * *
You are too injured to fight recklessly!
Unknown command.
You are too injured to fight recklessly!
Unknown command.
You are too injured to fight recklessly!
Unknown command.
You are too injured to fight recklessly!
Robin hits you with a spear.
* * * LOW HITPOINT WARNING * * *
You block the goblin's attack.
Items here: ))) †† a dagger x2; a club; a goblin corpse x2
You barely miss Robin. You barely miss the goblin. You closely miss the goblin.
Robin zaps a wand.
The puff of flame hits you!
* * * LOW HITPOINT WARNING * * *
You block the goblin's attack. The goblin hits you with a dagger.
You die...

....#'#...........##.............
...<.............#######.........
.................#....##.........
.##...................##.........
.#####....................#.....#
## ##.....#............#.....# #
........................# #
#...†...............# #
#...@g)..........####
#..g)g)..........##..
#.........#########..
.......###### #.. ......."# #..
........# #.. ........# #..
####....# #.. ###


You could see Robin and 2 goblins.

Vanquished Creatures
  4 gnolls
  An adder (D:2)
  3 dart slugs
  A leopard gecko (D:1)
  5 giant cockroaches
  11 goblins
  11 hobgoblins
  4 jackals (D:2)
  3 kobolds
  2 quokkas (D:2)
  6 bats
  A frilled lizard (D:2)
  5 rats
57 creatures vanquished.

Vanquished Creatures (others)
  A bat (D:2)
  A goblin (D:2)
  A kobold (D:2)
3 creatures vanquished.

Grand Total: 60 creatures vanquished

Notes
Turn   | Place    | Note
-------+----------+-------------------------------------------
     0 | D:1      | ChaseSP the Formicid Fighter began the quest for the Orb.
     0 | D:1      | Reached XP level 1. HP: 18/18 MP: 1/1
   157 | D:1      | Reached XP level 2. HP: 20/24 MP: 2/2
   620 | D:1      | Reached XP level 3. HP: 25/29 MP: 3/3
  1012 | D:1      | Reached XP level 4. HP: 20/35 MP: 4/4
  1809 | D:2      | Found a white marble altar of Elyvilon.
  1882 | D:2      | Found a glowing golden altar of the Shining One.
  1907 | D:2      | Reached XP level 5. HP: 38/41 MP: 5/5
  1951 | D:2      | Noticed Robin
  1965 | D:2      | HP: 1/41 [Robin/wand of flame (7)]
  1965 | D:2      | Slain by a goblin

Skill      XL: |  1  2  3  4 |
---------------+-------------+-----
Shields        | 4 |  4.8
Axes           | 3 4 |  4.1
Fighting       | |  3.2
Armour         | |  3.2

Action                   |  1- 3 |  4- 6 || total
-------------------------+-------+-------++-------
Melee: War axe           |    94 |    64 ||   158
  Eat: Chunk             |       |     4 ||     4
Armor: Scale mail        |    45 |    28 ||    73
Dodge: Dodged            |    41 |    35 ||    76
Block: Shield            |    58 |    48 ||   106
